 Dungeon Crawl Stone Soup version 0.29.1-12-g30fa7ad0bf (webtiles) character file.

Game seed: 7357715296209506283

512 safid the Shooter (level 6, -6/58 HPs)
             Began as a Minotaur Hunter on Dec 20, 2022.
             Mangled by an ice beast (13 damage)
             ... on level 5 of the Dungeon.
             The game lasted 00:06:35 (3573 turns).

safid the Shooter (Minotaur Hunter)                 Turns: 3573, Time: 00:06:36

Health: -6/58      AC:  7    Str: 15    XL:     6   Next: 99%
Magic:  0/5        EV: 10    Int:  6    God:
Gold:   110        SH:  0    Dex: 22    Spells: 5/5 levels left

rFire   . . .      SeeInvis .   b - +1 shortbow (freeze)
rCold   . . .      Faith    .   (shield currently unavailable)
rNeg    . . .      Spirit   +   w - +0 scale mail
rPois   .          Reflect  .   (helmet restricted)
rElec   .          Harm     .   p - +0 cloak
rCorr   .          Rampage  .   (no gloves)
Will    .....                   (no boots)
Stlth   +.........              i - amulet of guardian spirit
HPRegen 0.19/turn               h - +6 ring of dexterity
MPRegen 0.09/turn               (no ring)

@: no status effects
A: horns 2, retaliatory headbutt
a: no special abilities


You were on level 5 of the Dungeon.
You visited 1 branch of the dungeon, and saw 5 of its levels.

You collected 266 gold pieces.
You spent 156 gold pieces at shops.

Inventory:

Hand Weapons
 b - a +1 shortbow of freezing (weapon)
Armour
 p - a +0 cloak (worn)
 w - a +0 scale mail (worn)
Jewellery
 h - a +6 ring of dexterity (left hand)
 i - an amulet of guardian spirit (around neck)
 z - an amulet of reflection
Wands
 u - a wand of polymorph (5)
Scrolls
 a - a scroll of poison {unknown}
 c - a scroll of enchant armour {unknown}
 d - a scroll of amnesia {unknown}
 g - 2 scrolls of identify {unknown}
 j - 3 scrolls of butterflies {unknown}
 k - 2 scrolls of silence {unknown}
 l - 3 scrolls of magic mapping {unknown}
 o - a scroll of enchant weapon {unknown}
 s - a scroll of blinking {unknown}
 t - a scroll of vulnerability {unknown}
 y - a scroll of fear {unknown}
Potions
 e - 5 potions of curing {unknown}
 f - a potion of berserk rage {unknown}
 m - 2 potions of mutation {unknown}
 n - a potion of lignification {unknown}
 q - 2 potions of heal wounds {unknown}
 r - 2 potions of flight {unknown}
 v - a potion of ambrosia {unknown}
 x - a potion of magic {unknown}
 A - a potion of attraction {unknown}


   Skills:
 + Level 6.7 Fighting
 + Level 7.2 Ranged Weapons
 - Level 2.1 Dodging
 - Level 0.7 Stealth


You had 5 spell levels left.
You didn't know any spells.
Your spell library contained the following spells:

 Spells                   Type           Power      Damage    Failure   Level
 Freeze                   Ice            0%         1d3       91%         1
 Shock                    Conj/Air       0%         1d3       91%         1
 Ozocubu's Armour         Ice            0%         N/A       99%         3
 Swiftness                Air            0%         N/A       99%         3
 Airstrike                Air            0%         2d(0-16)  100%        4
 Olgreb's Toxic Radiance  Pois           0%         N/A       100%        4
 Ozocubu's Refrigeration  Ice            0%         4d7       100%        7
 Ignition                 Fire           0%         3d3       100%        8


Dungeon Overview and Level Annotations

Branches:
Dungeon (5/15)
 Temple: D:4-7

Altars:
Elyvilon
Makhleb

Shops:
D:2 *(


Innate Abilities, Weirdness & Mutations

You have a pair of horns on your head.
You reflexively headbutt those who attack you in melee.


Message History

The ice beast barely misses you. You furiously retaliate!
You headbutt the ice beast. The ice beast hits you. The ice beast freezes you!
You are too injured to fight recklessly!
You are too injured to fight recklessly!
You are too injured to fight recklessly!
You are too injured to fight recklessly!
Fire: b) +1 shortbow (freeze)
Press: ? - help, Q - select action, (/) - cycle Shift-Dir - straight line, f/p - ice beast
Aim: an ice beast (moderately wounded, 70% to hit)
You shoot an arrow. The arrow hits the ice beast.
The ice beast is moderately wounded.
The ice beast hits you but does no damage.
Unknown command.
Fire: b) +1 shortbow (freeze)
Press: ? - help, Q - select action, (/) - cycle Shift-Dir - straight line, f/p - ice beast
Aim: an ice beast (moderately wounded, 70% to hit)
You shoot an arrow. The arrow closely misses the ice beast.
The ice beast barely misses you. x2; You furiously retaliate!
You headbutt the ice beast.
Fire: b) +1 shortbow (freeze)
Press: ? - help, Q - select action, (/) - cycle Shift-Dir - straight line, f/p - ice beast
Aim: an ice beast (heavily wounded, 70% to hit)
You shoot an arrow. The arrow hits the ice beast.
The ice beast is severely wounded.
The ice beast hits you. The ice beast freezes you!
* * * LOW HITPOINT WARNING * * *
Fire: b) +1 shortbow (freeze)
Press: ? - help, Q - select action, (/) - cycle Shift-Dir - straight line, f/p - ice beast
Aim: an ice beast (severely wounded, 70% to hit)
You shoot an arrow.
The arrow hits the ice beast but does no damage.
The ice beast is severely wounded.
The ice beast hits you.
* * * LOW HITPOINT WARNING * * *
The ice beast freezes you.
* * * LOW HITPOINT WARNING * * *
The ice beast hits you.
* * * LOW HITPOINT WARNING * * *
The ice beast freezes you!
You die...

#. ... #.# #...........
#.. ##..#.....)... #.#
#..#..........
#..##.##..........
#..#.##.)........
#...##...$..†...
#....#..Y.......
#.##.##.@......#
.#######.##..##......##
..........##...........
########...########..##
#######...#...... ...
......#.......##. .#
.........###### #
.......### ......##


You could see an ice beast.

Vanquished Creatures
  A phantom (D:4)
  A necrophage (D:4)
  A scorpion (D:3)
  An orc priest (D:4)
  An iguana (D:4)
  Jessica (D:2)
  Robin (D:4)
  5 gnolls
  6 adders
  4 worms
  4 dart slugs
  5 orcs
  9 endoplasms
  6 giant cockroaches
  16 goblins
  13 hobgoblins
  2 jackals (D:2)
  3 quokkas
  7 ball pythons
  2 bats
  2 frilled lizards (D:1)
  5 kobolds
  4 rats
100 creatures vanquished.

Notes
Turn   | Place    | Note
-------+----------+-------------------------------------------
     0 | D:1      | safid the Minotaur Hunter began the quest for the Orb.
     0 | D:1      | Reached XP level 1. HP: 18/18 MP: 0/0
   105 | D:1      | Reached XP level 2. HP: 23/25 MP: 1/1
   712 | D:1      | Reached skill level 5 in Ranged Weapons
   712 | D:1      | Reached XP level 3. HP: 31/31 MP: 2/2
  1145 | D:2      | Found Ippagyo's Assorted Antiques.
  1192 | D:2      | Noticed Jessica
  1198 | D:2      | Killed Jessica
  1199 | D:2      | Reached XP level 4. HP: 40/40 MP: 3/3
  1199 | D:2      | Found a faded altar of an unknown god.
  1208 | D:2      | Got Plato's Enchiridion on Cold
  1367 | D:2      | Found Diewe's Antique Weapon Shoppe.
  1757 | D:3      | Reached XP level 5. HP: 47/47 MP: 4/4
  1945 | D:2      | Bought a runed shortbow for 156 gold pieces
  2109 | D:3      | Reached skill level 5 in Fighting
  2109 | D:3      | Reached skill level 6 in Ranged Weapons
  2434 | D:4      | Found a white marble altar of Elyvilon.
  2437 | D:4      | Found a burning altar of Makhleb.
  2842 | D:4      | Reached XP level 6. HP: 50/57 MP: 3/5
  2908 | D:4      | Noticed Robin
  2926 | D:4      | Killed Robin
  3235 | D:4      | Reached skill level 7 in Ranged Weapons
  3528 | D:5      | Entered Level 5 of the Dungeon
  3557 | D:5      | Noticed an ice beast
  3573 | D:5      | Mangled by an ice beast

Illustrated notes

Levels and vault maps discovered:
D:1:      dpeg_arrival_water_temple_mockup, layout_loops_ring,
          minmay_tetromino_t4
D:2:      layout_basic, serial_shops, shop, nicolae_shop_stone,
          shapermc_ecumenical_altar_rom_forum, minmay_misc_feat_alley,
          minmay_bisected, uniq_jessica
D:3:      layout_loops_ring
D:4:      layout_loops_corners, chequers_temple_overflow_statue_of_worship,
          chequers_decorated_corner, amcnicky_mini_pool_small, uniq_robin
D:5:      layout_rooms, mainiacjoe_overflow_catwalk

Skill      XL: |  1  2  3  4  5  6 |
---------------+-------------------+-----
Fighting       | 3 4 5 6 |  6.7
Ranged Weapons | 5 6 7 |  7.2
Dodging        | |  2.1
Stealth        | |  0.7

Action                   |  1- 3 |  4- 6 || total
-------------------------+-------+-------++-------
 Fire: Shortbow          |   114 |   177 ||   291
Armor: Leather armour    |     3 |     1 ||     4
       Scale mail        |       |    26 ||    26
Dodge: Dodged            |    23 |    51 ||    74
